 Dungeon Crawl Stone Soup version 0.17-a0-1637-g5d65775 (webtiles) character file.

358 LilCorpsy the Shield-Bearer (level 6, 0/49 HPs)
             Began as a Formicid Fighter on Aug 7, 2015.
             Slain by Duvessa
             ... wielding a +0 falchion
              (11 damage)
             ... on level 4 of the Dungeon.
             The game lasted 00:06:08 (2383 turns).

LilCorpsy the Shield-Bearer (Formicid Fighter)      Turns: 2383, Time: 00:06:08

Health: 0/49       AC: 13    Str: 23    XL:     6   Next: 97%
Magic:  6/6        EV:  5    Int:  7    God:
Gold:   159        SH: 10    Dex: 10    Spells: 0 memorised, 5 levels left

rFire  . . .     SeeInvis +     a - +1 war axe
rCold  . . .     Clarity  .     f - +0 plate armour
rNeg   . . .     SustAt   .     c - +0 shield
rPois  .         Gourm    .     (helmet unavailable)
rElec  .         Spirit   .     (no cloak)
rCorr  .         Warding  .     (no gloves)
rMut   .         Stasis   +     k - +0 pair of boots
MR     .....                    (no amulet)
Stlth  ..........               (no ring)
                                i - ring of flight

@: glowing, not resistant to hostile enchantments, extremely unstealthy
A: permanent stasis, dig shafts and tunnels, four strong arms, antennae 3
a: Dig, Shaft Self, Evoke Flight


You were on level 4 of the Dungeon.
You were not hungry.

You visited 1 branch of the dungeon, and saw 4 of its levels.

You collected 159 gold pieces.

Inventory:

Hand weapons
 a - a +1 war axe (weapon)
 r - a +0 scythe of slicing
Missiles
 s - 42 stones (quivered)
Armour
 c - a +0 shield (worn)
 d - the +1 helmet "Gomat" {rC+, unknown}
   (You took it off Robin on level 3 of the Dungeon)

   It protects you from cold.
 f - a +0 plate armour (worn)
 k - a +0 pair of boots (worn)
Jewellery
 i - a ring of flight (left hand)
Magical devices
 l - a wand of frost (16)
Scrolls
 p - a scroll of identify {unknown}
Potions
 b - a potion of agility {unknown}
 g - 2 potions of heal wounds
 h - 2 potions of curing {unknown}
 j - a potion of degeneration {unknown}
 m - 2 potions of lignification {unknown}
 q - a potion of brilliance {unknown}
Books
 n - a book of Flames

   Spells                             Type                      Level
   a - Flame Tongue                   Conjuration/Fire             1
   b - Throw Flame                    Conjuration/Fire             2
   c - Conjure Flame                  Conjuration/Fire             3
   d - Inner Flame                    Hexes/Fire                   3
   e - Sticky Flame                   Conjuration/Fire             4
   f - Fireball                       Conjuration/Fire             5
Comestibles
 e - 2 bread rations
 o - a meat ration
 t - 4 fruits
 u - 2 beef jerkies


   Skills:
 + Level 4.4 Fighting
 * Level 4.8 Axes
 + Level 4.4 Armour
 + Level 4.8 Shields


You had 5 spell levels left.
You didn't know any spells.

Dungeon Overview and Level Annotations

Branches:
Dungeon (4/15)
 Temple: D:4-7

Altars:
Xom

Annotations:
D:4 Duvessa


Innate Abilities, Weirdness & Mutations

You are under a permanent stasis effect.
You can dig through walls and to a lower floor.
Your four strong arms can wield two-handed weapons with a shield.
You have a pair of large antennae on your head (SInv).


Message History

You block Duvessa's attack.
You hit Duvessa.
Duvessa is severely wounded.
Duvessa hits you with a falchion. You block Duvessa's attack.
You hit Duvessa.
Duvessa is severely wounded.
Duvessa hits you with a falchion. x2
* * * LOW HITPOINT WARNING * * *
You barely miss Duvessa.
Duvessa is severely wounded.
You block Duvessa's attack. Duvessa hits you but does no damage.
You hit Duvessa.
Duvessa is severely wounded.
You block Duvessa's attack.
Your plate armour prevents you from hitting Duvessa.
Duvessa is severely wounded.
Duvessa hits you with a falchion.
* * * LOW HITPOINT WARNING * * *
Duvessa hits you with a falchion!
You die...

)..##. .......
..............
###.#...........#
...............)#
#.............#
.......#......###
....#.e.........## #
.......@)........#.#
...............# ...
#..............#...>
##..##....[.........
....................
.......#.....###...
....####.....# ...
#..<..# .# ####.##


You could see Duvessa (berserk).

Vanquished Creatures
  Sigmund (D:4)
  Dowan (D:4)
  A giant frog skeleton (D:4)
  Terence (D:2)
  Robin (D:3)
  An adder (D:2)
  3 oozes
  A worm (D:1)
  2 giant geckos
  4 giant cockroaches
  10 hobgoblins
  6 jackals (D:1)
  5 bats
  7 giant newts
  15 goblins
  6 kobolds
  5 rats
70 creatures vanquished.

Notes
Turn   | Place    | Note
--------------------------------------------------------------
     0 | D:1      | LilCorpsy the Formicid Fighter began the quest for the Orb.
     0 | D:1      | Reached XP level 1. HP: 18/18 MP: 1/1
   156 | D:1      | Reached XP level 2. HP: 20/24 MP: 2/2
   330 | D:1      | Reached XP level 3. HP: 29/29 MP: 3/3
  1053 | D:2      | Reached XP level 4. HP: 33/37 MP: 4/4
  1337 | D:3      | Noticed Robin
  1339 | D:3      | Noticed Terence
  1384 | D:2      | Killed Terence
  1384 | D:2      | Reached skill level 4 in Shields
  1387 | D:2      | Reached XP level 5. HP: 40/42 MP: 5/5
  1397 | D:3      | Killed Robin
  1435 | D:3      | Got a distressingly furry helmet
  1951 | D:3      | Found a shimmering altar of Xom.
  2267 | D:4      | Noticed Sigmund
  2279 | D:4      | Killed Sigmund
  2279 | D:4      | Reached XP level 6. HP: 20/49 MP: 6/6
  2361 | D:4      | Noticed Dowan
  2370 | D:4      | Noticed Duvessa
  2372 | D:4      | Killed Dowan
  2383 | D:4      | Slain by Duvessa

Vault maps used:
D:1:      evilmike_arrival_run_for_it
D:2:      mrwooster_statue_mirror, dk_vineyard_3, grunt_ministairs_8
D:3:      lemuel_doored_altar, uniq_terence, uniq_robin
D:4:      minmay_crystal_room, uniq_sigmund, uniq_duvessa,
          uniq_crazy_yiuf_cottage

Action                   |  1- 3 |  4- 6 || total
-------------------------+-------+-------++-------
Melee: War axe           |   128 |   102 ||   230
  Use: Potion            |       |     2 ||     2
       Scroll            |       |     2 ||     2
  Eat: Meat ration       |       |     1 ||     1
